 Dungeon Crawl Stone Soup version 0.27.0-1-g7a089689b8 (webtiles) character file.

Game seed: 10428936585055367452

219 Sin92 the Skirmisher (level 5, -4/42 HPs)
             Began as a Demonspawn Fighter on Aug 2, 2021.
             Slain by a sky beast (5 damage)
             ... on level 3 of the Dungeon.
             The game lasted 00:01:44 (2675 turns).

Sin92 the Skirmisher (Demonspawn Fighter)           Turns: 2675, Time: 00:01:45

Health: -4/42      AC:  6    Str: 17    XL:     5   Next: 64%
Magic:  5/5        EV:  7    Int:  9    God:
Gold:   83         SH:  9    Dex: 13    Spells: 4/4 levels left

rFire    . . .     SeeInvis .   a - +0 war axe
rCold    . . .     Faith    .   c - +0 kite shield
rNeg     . . .     Spirit   .   b - +0 scale mail
rPois    .         Reflect  .   (no helmet)
rElec    .         Harm     .   (no cloak)
rCorr    .         Rampage  .   (no gloves)
Will     .....                  (no boots)
Stlth    ..........             (no amulet)
HPRegen  0.14/turn              (no ring)
MPRegen  0.09/turn              (no ring)

@: no status effects
A: demonic guardian 1, spiny 2
a: no special abilities


You were on level 3 of the Dungeon.
You visited 1 branch of the dungeon, and saw 3 of its levels.

You collected 83 gold pieces.

Inventory:

Hand Weapons
 a - a +0 war axe (weapon)
Armour
 b - a +0 scale mail (worn)
 c - a +0 kite shield (worn)
Jewellery
 j - a ring of see invisible
Scrolls
 k - a scroll of amnesia {unknown}
 l - a scroll of identify {unknown}
 m - a scroll of immolation {unknown}
Potions
 d - 3 potions of might
 e - 2 potions of heal wounds {unknown}
 f - a potion of magic {unknown}
 g - 2 potions of curing {unknown}
 h - a potion of berserk rage
 i - a potion of attraction {unknown}


   Skills:
 + Level 3.8 Fighting
 * Level 3.3 Axes
 + Level 3.4 Armour
 + Level 1.6 Dodging
 + Level 3.4 Shields


You had 4 spell levels left.
You didn't know any spells.
Your spell library contained the following spells:

 Spells                   Type           Power      Damage    Failure   Level
 Slow                     Hex            0%         N/A       100%        2
 Confusing Touch          Hex            0%         N/A       100%        3
 Dazzling Flash           Conj/Hex       0%         N/A       100%        3
 Iskenderun's Mystic Bla  Conj/Tloc      0%         2d3       100%        4
 Yara's Violent Unravell  Hex/Tmut       0%         3d3       100%        5
 Starburst                Conj/Fire      0%         8x6d3     100%        6


Dungeon Overview and Level Annotations

Branches:
Dungeon (3/15)

Altars:
Trog


Innate Abilities, Weirdness & Mutations

A weak demonic guardian rushes to your aid.
You are mostly covered in sharp spines.


Message History

The adder is struck by your spines. The adder misses you.
An adder is nearby!
You hit the adder.
You kill the adder!
You hit something. You block something's attack.
Something hits you but does no damage.
No target in view!
Something hits you but does no damage.
Found a scale mail.
No target in view!
No target in view!
Something hits you but does no damage. Something hits you.
Something shocks you.
You slash something! Something hits you but does no damage.
You miss something. Something hits you. Something shocks you.
Something hits you.
A demonic guardian appears!
Something shocks you.
Your shield and scale mail prevent you from hitting something.
A sky beast appears from thin air!
Reactivating autopickup.
You block the sky beast's attack.
You hit the sky beast.
The sky beast is severely wounded.
The sky beast flickers out of sight!
Deactivating autopickup; reactivate with Ctrl-A.
Something hits you. Something shocks you.
* * * LOW HITPOINT WARNING * * *
Your shadow imp gestures at something.
Something writhes in agony!
Your shadow imp barely misses something.
Something hits your shadow imp. Something shocks your shadow imp.
You closely miss something. Something hits you.
* * * LOW HITPOINT WARNING * * *
A demonic guardian appears!
Something shocks you.
* * * LOW HITPOINT WARNING * * *
Your shadow imp misses something.
Unknown command.
You swap places.
Something hits you.
* * * LOW HITPOINT WARNING * * *
Something shocks you.
You die...

#......[..#
#.........#
#.........# ..#.
.........# ...
.......# ..#
####.....# ..###
#......# ....
#...5..# ..###
#.†@{..# ....#
...####....5.#
..#.###.............#
........######.†....#
..#.##### #......#
###.# #####......#
#.#### #............
#....###.###..######.
####.##..# ##.#


You could see a friendly iron imp (summoned) and a friendly shadow imp
(summoned).

Vanquished Creatures
  Jessica (D:2)
  Natasha (thrice) (D:2)
  2 adders (D:3)
  A worm (D:2)
  A dart slug (D:1)
  2 bats (D:2)
  2 endoplasms (D:1)
  A giant cockroach (D:2)
  2 goblins
  5 hobgoblins
  3 jackals (D:1)
  A quokka (D:3)
  5 ball pythons
  3 frilled lizards
  7 kobolds
  4 rats
43 creatures vanquished.

Vanquished Creatures (collateral kills)
  A scorpion (D:3)
1 creature vanquished.

Grand Total: 44 creatures vanquished

Notes
Turn   | Place    | Note
-------+----------+-------------------------------------------
     0 | D:1      | Sin92 the Demonspawn Fighter began the quest for the Orb.
     0 | D:1      | Reached XP level 1. HP: 18/18 MP: 1/1
   109 | D:1      | Found a faded altar of an unknown god.
   266 | D:1      | Gained mutation: You are partially covered in sharp spines.
                  | [demonic ancestry]
   266 | D:1      | Reached XP level 2. HP: 19/24 MP: 2/2
   745 | D:2      | Gained mutation: You are mostly covered in sharp spines.
                  | [demonic ancestry]
   745 | D:2      | Reached XP level 3. HP: 29/29 MP: 3/3
  1382 | D:2      | Noticed Jessica
  1388 | D:2      | Killed Jessica
  1389 | D:2      | Reached skill level 1 in Dodging
  1698 | D:2      | Noticed Natasha
  1703 | D:2      | Killed Natasha
  1704 | D:2      | Reached XP level 4. HP: 22/35 MP: 4/4
  1757 | D:2      | Noticed Natasha
  1762 | D:2      | Killed Natasha
  2055 | D:2      | Noticed Natasha
  2057 | D:2      | Killed Natasha
  2058 | D:2      | Gained mutation: A weak demonic guardian rushes to your
                  | aid. [demonic ancestry]
  2058 | D:2      | Reached XP level 5. HP: 41/41 MP: 5/5
  2292 | D:3      | HP: 2/42 [poisoned by a scorpion]
  2658 | D:3      | Found a bloodstained altar of Trog.
  2661 | D:3      | Noticed a sky beast
  2675 | D:3      | HP: 1/42 [something (2)]
  2675 | D:3      | Slain by a sky beast

Illustrated notes

Levels and vault maps discovered:
D:1:      dpeg_arrival_short_road, layout_rooms,
          dreamdust_ecumenical_altar_grove
D:2:      layout_loops_corners, minmay_tiny_reverse_x, uniq_jessica,
          uniq_natasha
D:3:      layout_rooms, trog_wizard, minivault_23

Skill      XL: |  1  2  3  4 |
---------------+-------------+-----
Axes           | 2 3 |  3.3
Armour         | 3 |  3.4
Dodging        | 1 |  1.6
Shields        | 3 |  3.4
Fighting       | |  3.8

Action                   |  1- 3 |  4- 6 || total
-------------------------+-------+-------++-------
Melee: War axe           |    57 |    23 ||    80
  Use: Potion            |       |     1 ||     1
Armor: Scale mail        |    24 |    11 ||    35
Dodge: Dodged            |    19 |     2 ||    21
Block: Kite shield       |    21 |    10 ||    31
